 Dungeon Crawl Stone Soup version 0.29-a0-653-gd47aff6735 (webtiles) character file.

Game seed: 816394799656521699

261 Foxy the Ruffian (level 5, -2/50 HPs)
             Began as a Troll Brigand on June 22, 2022.
             Slain by Edmund
             ... wielding a +0 vorpal dire flail
              (3 damage)
             ... on level 5 of the Dungeon.
             The game lasted 00:05:00 (2939 turns).

Foxy the Ruffian (Troll Brigand)                    Turns: 2939, Time: 00:05:00

Health: -2/50      AC:  9    Str: 19    XL:     5   Next: 96%
Magic:  4/4        EV: 10    Int:  7    God:
Gold:   242        SH:  0    Dex: 13    Spells: 4/4 levels left

rFire   . . .      SeeInvis .     - Unarmed
rCold   . . .      Faith    .   (no shield)
rNeg    . . .      Spirit   .   b - +0 robe
rPois   .          Reflect  .   (helmet restricted)
rElec   .          Harm     .   c - +0 cloak
rCorr   .          Rampage  .   (gloves unavailable)
Will    .....                   (boots unavailable)
Stlth   ++........              (no amulet)
HPRegen 0.96/turn               A - +4 ring of protection
MPRegen 0.09/turn               s - ring of flight

@: flying
A: large, unfitting armour, claws 3, regeneration 1, shaggy fur 1, tough skin 1
a: no special abilities


You were on level 5 of the Dungeon.
You visited 1 branch of the dungeon, and saw 5 of its levels.

You collected 242 gold pieces.

Inventory:

Hand Weapons
 a - a +2 dagger
Missiles
 d - 15 poisoned darts (quivered)
 e - 3 curare-tipped darts
 v - 5 large rocks
 B - a throwing net
Armour
 b - a +0 robe (worn)
 c - a +0 cloak (worn)
Jewellery
 r - a ring of wizardry
 s - a ring of flight (right claw)
 u - a ring of wizardry
 A - a +4 ring of protection (left claw)
Wands
 q - a wand of flame (37)
 z - a wand of acid (3)
Scrolls
 f - 5 scrolls of identify {unknown}
 g - a scroll of summoning {unknown}
 j - 4 scrolls of enchant weapon {unknown}
 k - 2 scrolls of enchant armour {unknown}
 m - a scroll of silence {unknown}
 n - a scroll of immolation {unknown}
 o - a scroll of vulnerability {unknown}
 p - 4 scrolls of teleportation {unknown}
 w - a scroll of blinking {unknown}
 y - a scroll of poison {unknown}
Potions
 h - a potion of haste
 i - 4 potions of curing {unknown}
 l - a potion of mutation {unknown}
 t - a potion of resistance {unknown}
 x - a potion of heal wounds {unknown}


   Skills:
 + Level 2.5 Fighting
 - Level 1.5 Short Blades
 + Level 2.7 Throwing
 + Level 2.0 Dodging
 + Level 2.6 Stealth
 * Level 3.1 Unarmed Combat


You had 4 spell levels left.
You didn't know any spells.
Your spell library contained the following spells:

 Spells                   Type           Power      Damage    Failure   Level
 Sublimation of Blood     Necr           0%         N/A       56%         2
 Wereblood                Tmut           0%         N/A       56%         2
 Summon Hydra             Summ           0%         N/A       100%        7


Dungeon Overview and Level Annotations

Branches:
Dungeon (5/15)
 Temple: D:4-7

Altars:
Hepliaklqana
Makhleb
Trog

Annotations:
D:5 Edmund


Innate Abilities, Weirdness & Mutations

You are too large for most types of armour.
You have claws for hands.
Your natural rate of healing is unusually fast.
You are covered in fur. (AC +1)
You have tough skin. (AC +1)


Message History

Edmund hits you with a +0 vorpal dire flail.
You barely miss Edmund. You claw Edmund!
Edmund is heavily wounded.
Edmund hits you with a +0 vorpal dire flail!
You scratch Edmund but do no damage.
Edmund is heavily wounded.
Edmund hits you with a +0 vorpal dire flail.
* * * LOW HITPOINT WARNING * * *
You scratch Edmund but do no damage.
Edmund is heavily wounded.
Edmund barely misses you.
You closely miss Edmund.
Edmund is heavily wounded.
Edmund barely misses you.
You scratch Edmund.
Edmund is heavily wounded.
Edmund hits you with a +0 vorpal dire flail.
* * * LOW HITPOINT WARNING * * *
x2 You scratch Edmund.
Edmund is severely wounded.
Edmund hits you with a +0 vorpal dire flail.
* * * LOW HITPOINT WARNING * * *
x2 Edmund attacks as you move away!
Edmund closely misses you.
You barely miss Edmund.
Edmund is severely wounded.
Edmund barely misses you.
You claw Edmund!
Edmund is almost dead.
Edmund hits you with a +0 vorpal dire flail.
* * * LOW HITPOINT WARNING * * *
x2 You scratch Edmund.
Edmund is almost dead.
Edmund hits you but does no damage.
You closely miss Edmund.
Edmund is almost dead.
You scratch Edmund but do no damage.
Edmund is almost dead.
Edmund hits you with a +0 vorpal dire flail!
* * * LOW HITPOINT WARNING * * *
You die...

#...#...#...#...#
..
##.###.#.....#.##
.#
####...###...###..
## #.#.....#.###.#
.... ##..#...#...#
..#...#.
#...#####...#
..#####
##..#...#...# ..#
###.....#.## .#.
##@..###. ###.
##@###.# .. #.w.#
.#.. #...# ####
#...# .# ##.###.#
##...## ###.....#
#w.#...#...#


You could see Edmund and a dart slug.

Vanquished Creatures
  A steam dragon (D:4)
  Robin (D:3)
  4 adders
  2 worms
  2 dart slugs
  4 orcs
  8 endoplasms
  2 giant cockroaches
  9 goblins
  8 hobgoblins
  2 quokkas
  8 ball pythons
  7 bats
  5 frilled lizards
  9 kobolds
  6 rats
78 creatures vanquished.

Notes
Turn   | Place    | Note
-------+----------+-------------------------------------------
     0 | D:1      | Foxy the Troll Brigand began the quest for the Orb.
     0 | D:1      | Reached XP level 1. HP: 19/19 MP: 0/0
    69 | D:1      | Reached skill level 1 in Dodging
    69 | D:1      | Reached XP level 2. HP: 28/28 MP: 1/1
   162 | D:1      | Reached skill level 1 in Unarmed Combat
   710 | D:2      | Reached XP level 3. HP: 35/35 MP: 2/2
  1088 | D:3      | Reached XP level 4. HP: 42/42 MP: 3/3
  1216 | D:3      | Found a faded altar of an unknown god.
  1379 | D:3      | Reached skill level 2 in Unarmed Combat
  1484 | D:3      | Noticed Robin
  1517 | D:3      | Killed Robin
  1858 | D:4      | Noticed a steam dragon
  1870 | D:4      | Killed a steam dragon
  1871 | D:4      | Reached skill level 3 in Unarmed Combat
  1871 | D:4      | Reached XP level 5. HP: 39/50 MP: 4/4
  2284 | D:4      | Found a hazy altar of Hepliaklqana.
  2373 | D:4      | Found a bloodstained altar of Trog.
  2373 | D:4      | Found a burning altar of Makhleb.
  2800 | D:5      | Entered Level 5 of the Dungeon
  2910 | D:5      | Noticed Edmund
  2939 | D:5      | HP: 1/50 [Edmund/+0 vorpal dire flail (10)]
  2939 | D:5      | Slain by Edmund

Illustrated notes

Levels and vault maps discovered:
D:1:      dpeg_arrival_radiant, layout_rooms, minivault_5, minmay_hedge_maze,
          minmay_small_reverse_x
D:2:      layout_rooms
D:3:      layout_loops_ring, shapermc_ecumenical_altar_venn, uniq_robin
D:4:      layout_loops_corners, lemuel_tele_altar,
          mainiacjoe_overflow_divided_tiny
D:5:      nicolae_cairo_tiling, layout_cave_pools, corner_web_ring, uniq_edmund,
          uniq_blork_the_orc

Skill      XL: |  1  2  3  4  5 |
---------------+----------------+-----
Dodging        | 1 2 |  2.0
Throwing       | 2 |  2.7
Unarmed Combat | 1 3 |  3.1
Fighting       | 2 |  2.5
Short Blades   | |  1.5
Stealth        | |  2.6

Action                   |  1- 3 |  4- 6 || total
-------------------------+-------+-------++-------
Melee: Unarmed           |   107 |   103 ||   210
       Punch             |     1 |     2 ||     3
Throw: Dart              |       |     5 ||     5
 Stab: Sleeping          |    10 |     5 ||    15
Armor: Robe              |    23 |    22 ||    45
Dodge: Dodged            |    43 |    39 ||    82

Table legend: (Time is in decaauts)
 A = Elapsed time spent in this place.
 B = Non-inter-level travel time spent in this place.
 C = Inter-level travel time spent in this place.
 D = Time resting spent in this place.
 E = Time spent auto-exploring this place.
 F = Levels seen in this place.
 G = Mean time per level.
                   A        B        C        D        E       F      G
               +--------+--------+--------+--------+--------+-----+--------+
         Total |   2926 |   2862 |     64 |      0 |   2231 |   5 |  585.2 |
       Dungeon |   2926 |   2862 |     64 |      0 |   2231 |   5 |  585.2 |
               +--------+--------+--------+--------+--------+-----+--------+

Top non-repeatable levels by time:
     D:4: 993 daAuts
     D:3: 717 daAuts
     D:1: 694 daAuts
     D:2: 384 daAuts
     D:5: 136 daAuts
